Map: Cyber Forest LE

Players

Piroxiljin - Winner!

  • Race: Terran Terran
  • Spawn Location: 5:00

VOD

Have the link to the VOD?

Description

Time

  • Played on: Jan. 31, 2019, 10:58 a.m.
  • Length: 28:16
Show
View Real Time Build Order
Export as new Build Order

Piroxiljin Terran - Winner!

Build Orders:  

Get SALT Encoding   

  12  0:02  SCV  
  13  0:20  SCV  
  14  0:38  Supply Depot  
  14  0:39  SCV  
  15  1:08  SCV  
  16  1:14  Barracks  
  16  1:25  SCV  
  17  1:32  Refinery  
  17  1:42  SCV  
  18  1:59  SCV  
  19  2:16  SCV  
  20  2:34  Supply Depot  
  20  2:48  SCV  
  21  3:04  Barracks  
  21  3:05  SCV  
  21  3:09  Reaper  
  23  3:14  Command Center  
  23  3:22  SCV  
  24  3:43  Orbital Command  
  24  3:46  Refinery  
  24  3:55  Reaper  
  25  4:10  Marine  
  26  4:27  SCV  
  27  4:44  SCV  
  27  4:46  Supply Depot  
  28  5:01  SCV  
  28  5:06  Marine  
  30  5:13  Barracks Tech Lab  
  30  5:35  SCV  
  31  5:41  Command Center  
  31  5:52  SCV  
  31  6:07  Unknown  
  31  6:09  SCV  
  32  6:24  Marine  
  32  6:26  SCV  
  32  6:28  Marauder  
  36  6:43  SCV  
  36  6:48  Barracks  
  36  6:49  Marine  
  38  6:55  Concussive Shells  
  38  6:57  Marauder  
  40  7:00  SCV  
  41  7:14  Marine  
  41  7:17  SCV  
  41  7:18  Supply Depot x2  
  43  7:20  SCV  
  43  7:21  Supply Depot  
  43  7:27  Marauder  
  46  7:34  SCV  
  46  7:37  SCV  
  46  7:39  SCV, Marine  
  50  7:42  Engineering Bay  
  50  7:51  SCV  
  50  7:54  SCV  
  50  7:56  SCV  
  50  7:57  Marauder  
  55  8:07  Refinery  
  55  8:08  Factory  
  55  8:12  Barracks Reactor  
  55  8:13  SCV x2  
  57  8:21  Barracks Tech Lab  
  57  8:26  SCV, Refinery  
  58  8:30  SCV x2  
  60  8:43  SCV, Bunker  
  60  8:47  SCV x2  
  63  8:51  Terran Infantry Weapons Level 1  
  63  8:53  Supply Depot  
  63  8:56  Marauder  
  65  9:00  SCV  
  65  9:02  Marine  
  65  9:03  Marine  
  65  9:04  SCV  
  63  9:26  Marauder  
  63  9:27  Marine  
  59  10:33  Marauder  
  61  10:53  Marine  
  62  11:06  Marauder  
  64  11:10  Marine x2  
  64  11:18  Marine  
  67  11:36  Marauder  
  69  11:43  Marine  
  70  11:51  Factory, Factory Tech Lab  
  70  12:01  Orbital Command  
  70  12:06  Marauder  
  70  12:08  Marine  
  73  12:16  SCV  
  74  12:31  Refinery  
  74  12:33  SCV, Marine  
  74  12:36  Marauder  
  78  12:58  Marine  
  79  13:10  SCV  
  80  13:23  Marine  
  80  13:27  SCV  
  82  13:38  Terran Infantry Armor Level 1  
  82  13:39  Engineering Bay  
  82  13:43  Missile Turret  
  82  13:44  SCV, Armory  
  82  13:46  Missile Turret  
  82  13:48  Marine  
  84  13:55  Siege Tank  
  84  13:58  Factory Tech Lab  
  87  14:10  Marauder, Marine x2  
  87  14:13  Marine  
  92  14:24  Missile Turret  
  92  14:29  Missile Turret  
  84  14:31  Unknown  
  84  14:38  Marine  
  82  14:40  Marauder, Siege Tank, Unknown  
  87  15:03  Marine  
  92  15:10  Marauder  
  90  15:24  Unknown  
  90  15:25  Cyclone  
  93  15:39  Marine  
  94  15:44  Unknown  
  94  15:49  Missile Turret  
  94  15:50  Missile Turret  
  94  15:53  SCV  
  95  16:04  Marine  
  95  16:05  Marine x3  
  99  16:10  SCV  
  99  16:14  Terran Infantry Weapons Level 2  
  100  16:21  Supply Depot  
  100  16:23  Terran Vehicle Weapons Level 1  
  100  16:27  SCV  
  101  16:32  Missile Turret  
  101  16:51  SCV, Cyclone x2  
  101  16:56  Unknown  
  101  16:58  Missile Turret  
  108  17:02  Missile Turret x2  
  108  17:04  Missile Turret  
  108  17:08  SCV, Missile Turret  
  109  17:26  Supply Depot  
  109  17:28  Supply Depot x2  
  109  17:29  Supply Depot  
  109  17:32  Missile Turret, Supply Depot  
  109  17:33  Barracks Tech Lab  
  109  17:45  Missile Turret  
  109  17:47  Barracks  
  109  17:56  SCV, Cyclone x2  
  116  18:11  Missile Turret  
  116  18:13  SCV  
  116  18:19  Marine  
  118  18:30  SCV  
  119  18:41  Cyclone x2  
  119  18:42  Missile Turret  
  119  18:44  Marine  
  119  18:47  SCV  
  125  18:53  Unknown  
  121  19:04  SCV  
  121  19:09  Marine  
  112  19:21  Barracks Tech Lab  
  112  19:26  Cyclone, Siege Tank  
  118  19:31  Factory  
  118  19:39  Marine x3  
  122  19:43  Siege Tank x2  
  121  19:53  Unknown  
  117  20:04  Marauder, Marine  
  117  20:11  Cyclone, Siege Tank, Unknown  
  123  20:29  Marauder  
  125  20:56  Siege Tank x2  
  125  20:59  Marauder  
  133  21:01  Marauder, Marine  
  133  21:02  Marine  
  135  21:13  SCV  
  136  21:26  Marine  
  136  21:29  Marauder  
  130  21:30  SCV  
  139  21:31  Marauder  
  139  21:35  Unknown  
  139  21:38  Starport  
  140  21:41  Cyclone x2  
  140  21:46  SCV  
  147  21:52  Supply Depot  
  147  21:54  Supply Depot  
  145  22:03  SCV  
  146  22:10  Marine  
  146  22:11  Marine x2  
  146  22:18  Marauder, Marine  
  149  22:20  Command Center  
  149  22:22  SCV  
  149  22:25  Supply Depot  
  149  22:26  Siege Tank x2  
  149  22:29  Supply Depot  
  156  22:36  Marauder  
  156  22:39  SCV  
  159  22:43  Marauder  
  159  22:48  Marauder  
  155  22:56  SCV  
  155  22:58  Supply Depot  
  149  23:03  Siege Tank  
  149  23:06  Marauder  
  151  23:10  Thor x2  
  155  24:08  Unknown  
  155  24:10  Siege Tank x2  
  150  24:34  Marine x4  
  150  24:35  Marauder  
  156  24:55  Cyclone x2  
  156  24:59  Marauder  
  159  25:15  Siege Tank x5  
  159  25:40  Cyclone x2  
  160  27:06  SCV  
  159  27:23  SCV  
  160  27:40  SCV  
  160  27:45  Hellion  
Tags
 
Add a new tag
Caveats
  • Supply blocks, unpowered buildings, or Contaminate may cause inaccurate times.
  • Supply counts are checked every 10 seconds.